Map: Orbital Shipyard

Players

Tefel - Winner!

  • Race: Zerg Zerg
  • League: Platinum

ChitogeBesto

  • Race: Zerg Zerg
  • League: Master

Event: Lycan League Weekly August #3

VOD

Have the link to the VOD?

Description

Time

  • Played on: Aug. 17, 2015, 1 p.m.
  • Length: 7:37

All games in this series

Show
View Real Time Build Order
Export as new Build Order

Tefel Zerg - Winner!

Build Orders: Pool First 

Get SALT Encoding   

  12  0:00  Drone  
  13  0:09  Drone  
  14  0:18  Overlord  
  14  0:25  Drone, Extractor  
  15  0:36  Drone x2  
  17  0:44  Spawning Pool  
  17  0:47  Drone  
  17  0:55  Drone  
  18  1:10  Hatchery  
  17  1:13  Drone  
  17  1:15  Extractor  
  17  1:17  Drone  
  18  1:26  Drone  
  18  1:30  Queen  
  21  1:38  Drone  
  22  1:48  Overlord  
  22  2:01  Hatchery  
  21  2:02  Drone  
  22  2:11  Queen  
  22  2:15  Drone  
  25  2:21  Metabolic Boost  
  25  2:23  Drone  
  25  2:26  Drone  
  27  2:32  Drone  
  27  2:34  Drone  
  29  2:38  Drone  
  29  2:39  Drone  
  29  2:40  Drone  
  32  2:45  Drone x2  
  34  2:52  Baneling Nest  
  33  3:04  Drone x3, Extractor  
  35  3:05  Zergling x2  
  35  3:09  Drone  
  37  3:14  Overlord  
  37  3:15  Drone x3  
  37  3:16  Zergling x2  
  41  3:20  Zergling x2  
  42  3:31  Spine Crawler  
  42  3:32  Drone, Overlord  
  42  3:35  Baneling x2  
  42  3:43  Drone x5, Zergling x4  
  42  3:46  Drone  
  50  3:51  Queen  
  50  3:52  Overlord  
  50  3:53  Drone  
  53  3:56  Drone  
  53  3:58  Baneling x3  
  53  3:59  Baneling  
  53  4:01  Drone x2  
  56  4:03  Drone  
  56  4:04  Baneling  
  56  4:07  Drone  
  56  4:09  Overlord  
  58  4:13  Roach Warren  
  58  4:16  Drone x2  
  59  4:17  Drone  
  59  4:18  Drone  
  59  4:19  Drone  
  59  4:23  Drone x2  
  64  4:24  Drone x2  
  64  4:30  Zergling x4  
  64  4:31  Drone x3  
  67  4:32  Zergling x2  
  67  4:33  Zergling x2  
  67  4:38  Lair  
  68  4:46  Drone  
  68  4:47  Drone x2  
  68  4:50  Drone  
  68  4:51  Drone, Extractor  
  68  4:52  Overlord  
  72  4:53  Roach, Extractor  
  72  4:55  Overlord  
  72  4:59  Extractor x2  
  71  5:01  Overlord  
  71  5:02  Drone  
  71  5:03  Drone  
  71  5:05  Extractor, Zergling x2  
  73  5:08  Drone  
  73  5:09  Overlord x2  
  73  5:11  Drone x3  
  73  5:12  Drone  
  73  5:13  Drone x2  
  80  5:16  Baneling x2  
  80  5:17  Drone x2  
  82  5:22  Drone x2  
  82  5:27  Overlord  
  84  5:29  Roach  
  84  5:30  Roach x3  
  84  5:33  Roach  
  93  5:38  Roach x2  
  93  5:39  Roach  
  93  5:40  Roach x2  
  93  5:41  Roach  
  105  5:44  Roach x2  
  107  5:51  Roach x3  
  107  5:52  Roach  
  107  5:55  Roach x2  
  115  5:58  Roach x3  
  115  6:01  Overlord  
  121  6:05  Overlord  
  121  6:06  Overlord  
  121  6:09  Overlord, Glial Reconstitution  
  121  6:11  Overlord x2  
  121  6:20  Roach x3  
  127  6:26  Roach x2  
  127  6:27  Roach  
  127  6:30  Overlord  
  133  6:33  Roach  
  133  6:34  Roach x3  
  133  6:35  Roach x2  
  145  6:40  Roach  
  145  6:41  Roach x4  
  149  6:47  Roach x2  
  149  6:52  Roach  
  141  6:55  Roach  
  141  6:57  Roach  
  141  7:04  Roach  
  141  7:05  Roach  
  141  7:06  Roach  
  141  7:07  Roach  
  141  7:08  Roach x4  
  153  7:09  Roach x2  
  153  7:11  Roach  
  153  7:12  Roach x4  
  153  7:15  Roach  
  177  7:34  Ravager  
  177  7:35  Ravager x2  
Show
View Real Time Build Order
Export as new Build Order

ChitogeBesto Zerg 

Build Orders: Pool First 

Get SALT Encoding   

  12  0:03  Drone  
  13  0:13  Overlord  
  13  0:18  Drone  
  14  0:23  Drone, Extractor  
  15  0:31  Drone  
  16  0:40  Drone  
  17  0:45  Spawning Pool  
  17  0:48  Drone  
  17  1:10  Hatchery  
  16  1:12  Drone  
  16  1:14  Drone  
  16  1:18  Extractor  
  17  1:23  Drone  
  18  1:30  Drone  
  19  1:42  Overlord  
  19  1:46  Queen  
  21  1:51  Zergling x2  
  22  2:07  Drone  
  23  2:17  Drone  
  23  2:21  Queen  
  23  2:22  Queen  
  28  2:23  Drone  
  28  2:24  Drone  
  28  2:29  Metabolic Boost  
  30  2:34  Drone x2  
  32  2:43  Overlord  
  33  2:51  Drone  
  33  2:54  Drone  
  34  3:00  Drone x2  
  34  3:02  Drone x3  
  38  3:09  Drone  
  39  3:15  Baneling Nest  
  39  3:16  Drone x2  
  39  3:19  Roach Warren  
  39  3:20  Extractor  
  39  3:23  Extractor  
  39  3:24  Zergling x2  
  38  3:34  Lair  
  38  3:39  Zergling x4  
  38  3:40  Overlord, Zergling x4  
  42  3:46  Drone  
  42  3:47  Drone  
  42  3:48  Overlord  
  44  4:03  Drone x5  
  44  4:07  Baneling  
  44  4:08  Drone, Baneling  
  50  4:12  Roach  
  50  4:13  Roach x3  
  57  4:28  Roach  
  57  4:29  Roach x2  
  56  4:37  Roach x2  
  60  4:42  Glial Reconstitution  
  60  4:43  Overlord x2  
  57  4:54  Roach  
  57  4:57  Burrow  
  59  5:00  Extractor  
  59  5:01  Drone x2  
  59  5:06  Roach x3  
  66  5:15  Overlord  
  66  5:17  Roach x3  
  66  5:18  Roach  
  74  5:24  Roach  
  76  5:31  Overlord  
  76  5:38  Roach x3  
  76  5:39  Roach  
  84  5:51  Roach  
  84  5:52  Roach x3  
  88  6:02  Roach x3  
  90  6:05  Roach  
  92  6:12  Overlord  
  90  6:27  Ravager x2  
  90  6:28  Overlord  
  90  6:29  Overlord  
  90  6:32  Ravager x2  
  94  6:33  Ravager  
  94  6:35  Overlord, Roach x2  
  95  6:53  Roach  
  93  6:54  Roach x5  
  93  7:06  Roach x3  
  93  7:09  Roach  
  93  7:13  Roach x2  

Tags
 
Add a new tag
Caveats
  • Supply blocks, unpowered buildings, or Contaminate may cause inaccurate times.
  • Supply counts are checked every 10 seconds.